 Dungeon Crawl Stone Soup version 0.21.1-1-g345015fe64 (webtiles) character file.

301 Gedi the Chopper (level 6, -2/55 HPs)
             Began as a Minotaur Abyssal Knight on June 14, 2018.
             Was a Believer of Lugonu.
             Slain by an orc
             ... wielding a +2 trident of venom
              (4 damage)
             ... on level 4 of the Dungeon.
             The game lasted 00:07:48 (3292 turns).

Gedi the Chopper (Minotaur Abyssal Knight)          Turns: 3292, Time: 00:07:48

Health: -2/55      AC: 10    Str: 19    XL:     6   Next: 14%
Magic:  7/7        EV:  7    Int: 11    God:    Lugonu [**....]
Gold:   143        SH:  0    Dex:  9    Spells: 5/5 levels left

rFire    . . .     SeeInvis .   a - +2 hand axe
rCold    . . .     Gourm    .   (no shield)
rNeg     . . .     Faith    .   p - +1 chain mail
rPois    .         Spirit   .   (helmet restricted)
rElec    .         Reflect  .   k - scarf {repulsion}
rCorr    .         Harm     .   (no gloves)
MR       .....                  (no boots)
Stlth    ..........             (no amulet)
HPRegen  0.18/turn              f - +2 ring of intelligence
MPRegen  0.10/turn              (no ring)

@: lethally poisoned (-2 -> -31), repel missiles
A: retaliatory headbutt, horns 2
a: Depart the Abyss, Bend Space, Renounce Religion


You were on level 4 of the Dungeon.
You worshipped Lugonu.
Lugonu was pleased with you.
You were hungry.

You visited 1 branch of the dungeon, and saw 4 of its levels.
You visited the Abyss 1 time.

You collected 143 gold pieces.

Inventory:

Hand Weapons
 a - a +2 hand axe (weapon)
Armour
 k - a scarf of repulsion (worn)
 p - a +1 chain mail (worn)
Jewellery
 f - a +2 ring of intelligence (left hand)
Wands
 i - a wand of digging (8)
Scrolls
 h - 6 scrolls of identify
 j - 3 scrolls of teleportation
Potions
 b - a potion of resistance
Comestibles
 c - 4 rations


   Skills:
 + Level 4.8 Fighting
 + Level 5.0 Axes
 + Level 4.8 Armour
 - Level 1.1 Dodging
 * Level 2.8 Invocations


You had 5 spell levels left.
You didn't know any spells.

Dungeon Overview and Level Annotations

Branches:
Dungeon (4/15)
 Temple: D:4-7

Altars:
Qazlal


Innate Abilities, Weirdness & Mutations

You reflexively headbutt those who attack you in melee.
You have a pair of horns on your head.


Message History

You feel sick. The orc hits you but does no damage.
You are lethally poisoned!
Items here: ) [ †† a hand axe; a leather armour; an orc corpse; an adder corpse You closely miss the orc.
* * * LOW HITPOINT WARNING * * *
You feel very sick.
The orc hits you with a trident of venom.
* * * LOW HITPOINT WARNING * * *
Your chain mail prevents you from hitting the orc.
* * * LOW HITPOINT WARNING * * *
You feel sick.
The orc hits you with a trident of venom.
* * * LOW HITPOINT WARNING * * *
You are more poisoned.
You barely miss the orc. Your headbutt misses the orc.
* * * LOW HITPOINT WARNING * * *
You feel very sick.
The orc hits you with a trident of venom.
You die...

#.....(.....#
##.########### #.#.#.###
.#'#### #.#..... ......#
#.#....## ....<.#
#.#.....# ......#
#.#.....# ##'####
#.#....#
...###############.#....#
..........>[....@oo.....#
##################.#.#..#
...#.# ... ##########
#####.# . .......... ..
.......... .# ..........#
.. ..........+ .#
..........#


You could see 2 orcs.

Vanquished Creatures
  An ogre (D:4)
  An iguana (D:4)
  A bullfrog skeleton (D:4)
  Terence (D:2)
  4 adders
  An ooze (D:3)
  5 worms
  2 dart slugs
  A leopard gecko (D:4)
  6 orcs
  A giant cockroach (D:1)
  8 hobgoblins
  14 jackals
  4 kobolds
  A quokka (D:3)
  11 bats
  4 frilled lizards
  8 goblins
  A jackal skeleton (D:4)
  7 rats
82 creatures vanquished.

Notes
Turn   | Place    | Note
-------+----------+-------------------------------------------
     0 | Abyss:1  | Gedi the Minotaur Abyssal Knight began the quest for the Orb.
     0 | Abyss:1  | Reached XP level 1. HP: 19/19 MP: 1/1
    32 | Abyss:1  | Noticed an eye of draining
    33 | D:1      | Escaped the Abyss
   226 | D:1      | Reached XP level 2. HP: 27/27 MP: 2/2
   234 | D:1      | Reached * piety under Lugonu
   518 | D:1      | You fall through a shaft!
   570 | D:2      | Reached skill level 3 in Axes
   582 | D:2      | Reached XP level 3. HP: 20/33 MP: 3/3
  1277 | D:2      | Noticed Terence
  1287 | D:2      | Killed Terence
  1287 | D:2      | Reached XP level 4. HP: 32/41 MP: 4/4
  1608 | D:3      | Found a faded altar of an unknown god.
  1628 | D:3      | Reached ** piety under Lugonu
  1635 | D:3      | Reached skill level 4 in Axes
  1675 | D:3      | Found a stormy altar of Qazlal.
  2211 | D:3      | Reached XP level 5. HP: 47/47 MP: 5/5
  2564 | D:4      | Noticed an ogre
  2610 | D:4      | Killed an ogre
  2924 | D:4      | Reached skill level 5 in Axes
  2924 | D:4      | Reached XP level 6. HP: 48/55 MP: 7/7
  3292 | D:4      | HP: 2/55 [poisoned by an orc]
  3292 | D:4      | Slain by an orc

Skill      XL: |  1  2  3  4  5 |
---------------+----------------+-----
Armour         | 3 4 |  4.8
Fighting       | 4 |  4.8
Axes           | 3 4 5 |  5.0
Invocations    | 2 |  2.8
Dodging        | |  1.1

Action                   |  1- 3 |  4- 6 || total
-------------------------+-------+-------++-------
Melee: Hand axe          |    86 |   130 ||   216
       Headbutt          |     8 |    25 ||    33
       Unarmed           |       |     1 ||     1
Invok: Depart the Abyss  |     1 |       ||     1
  Use: Scroll            |       |     7 ||     7
       Potion            |       |     5 ||     5
 Stab: Distracted        |       |     1 ||     1
  Eat: Chunk             |     1 |     6 ||     7
Armor: Leather armour    |    14 |       ||    14
       Ring mail         |    28 |    19 ||    47
       Chain mail        |       |    33 ||    33
Dodge: Dodged            |    87 |    61 ||   148
